AoeStats
← The Red Knight

Arena

505734829Analyzed
1v1 RM · 22d ago on Sep 10, 2026· 26m 4s· 2 players
Game mode
Random Map
Map size
Tiny (2 player)
Population
200
Speed
Normal
Resources
Standard
Victory
Conquest
Starting age
Dark Age
Ending age
Imperial Age
RankedLock teamsTeams togetherTeam positionsShared explorationLock speedFull tech treeHidden civsTurbo modeCheats
Victory
Defeat
🇲🇽 Aztecs · Mexico
1185
+14
🇺🇸 Chinese · United States
1148
-14
[GDL] Jorgetzin
9:19 Feudal Age
9:44 Loom
13:29 Castle Age
12:08 Double-Bit Axe
12:58 Horse Collar
14:56 Scale Mail Armor
15:22 Fervor
20:25 Sanctity
20:18 Padded Archer Armor
21:46 Elite Skirmisher
22:20 Fletching
22:45 Leather Archer Armor
23:11 Bodkin Arrow
24:15 Redemption
25:35 Ballistics
25:10 Stone Mining
25:11 Gold Mining
25:21 Gold Mining
The Red Knight
0:27 Loom
10:53 Feudal Age
13:26 Double-Bit Axe
15:59 Castle Age
15:23 Horse Collar
15:53 Fletching
18:32 Wheelbarrow
19:33 Bodkin Arrow
20:00 Gold Mining
20:52 Bow Saw
23:08 Hand Cart
23:12 Stone Mining
24:31 Padded Archer Armor
26:14 Gold Shaft Mining
25:42 Heavy Plow
Connection lost

Rejoining the realm…

Still unreachable

The connection could not be restored.

Session expired

The server has moved on; the page needs a fresh start.